 Dungeon Sprint DCSS version 0.30-a0-881-g1ff12e1e11 (webtiles) character file.

Game seed: 4293797109513161286

25 testman the Trooper (level 2, -3/43 HPs)
             Began as an Armataur Fighter on Mar 14, 2023.
             Slain by an ogre
             ... wielding a +0 giant club
              (30 damage)
             ... in the Dungeon (Sprint I: "Red Sonja").
             The game lasted 00:00:21 (15 turns).

testman the Trooper (Armataur Fighter)                Turns: 15, Time: 00:00:22

Health: -3/43      AC:  6    Str: 21    XL:     2   Next: 82%
Magic:  2/2        EV:  7    Int:  8    God:
Gold:   0          SH:  4    Dex:  9    Spells: 1/1 levels left

rFire   . . .      SeeInvis .    a - +0 flail
rCold   . . .      Faith    .    c - +0 buckler
rNeg    . . .      Spirit   .    b - +0 scale mail
rPois   .          Reflect  .    (no helmet)
rElec   .          Roll     +    (no cloak)
rCorr   .          NoTele   +    (no gloves)
Will    .....                    (no barding) Stlth
                                 (no amulet)
HPRegen 0.27/turn                (no ring)
MPRegen 0.08/turn                (no ring)

@: berserking, very quick
A: large, rugged brown scales 3, deformed body, armoured tail, roll, long
tongue, awkward tongue
a: no special abilities


You were in the Dungeon.
You visited 1 branch

Inventory:

Hand Weapons
 a - a +0 flail (weapon)
Armour
 b - a +0 scale mail (worn)
 c - a +0 buckler (worn)
Wands
 i - a wand of flame (23)
Scrolls
 j - a scroll of blinking
Potions
 d - a potion of might
 e - a potion of curing
 f - a potion of heal wounds
 g - a potion of haste
 h - 2 potions of magic
 k - a potion of attraction {unknown}


   Skills:
 + Level 4.4 Fighting
 + Level 3.8 Maces & Flails
 - Level 3.6 Armour
 - Level 4.0 Shields


You had one spell level left.
You didn't know any spells.
Your spell library was empty.

Dungeon Overview and Level Annotations

Branches:
Dungeon (1/1)

Altars:


Innate Abilities, Weirdness & Mutations

You are completely covered in rugged brown scales. (AC +3, +7% HP)
Armour fits poorly on your strangely shaped body.
You have a long armoured tail.
You roll when moving toward enemies. (Rampage)
Your long tongue fully drains potion bottles. (2x potion effects)
Your tongue gives you trouble enunciating. (1.5x scroll delay)


Message History

You slurp down every last drop of the potion of berserk rage!
A red film seems to cover your vision as you go berserk!
You feel yourself moving faster!
You feel mighty!
You sock Ijyb!
Your tail-slap misses Ijyb.
Ijyb is heavily wounded.
You closely miss Ijyb.
Ijyb is heavily wounded.
Ijyb hits you but does no damage.
You closely miss Ijyb.
Ijyb is heavily wounded.
Ijyb zaps a wand.
The puff of flame hits you.
You barely miss Ijyb.
Ijyb is heavily wounded.
Ijyb hits you but does no damage.
You closely miss Ijyb. You tail-slap Ijyb!
Ijyb is almost dead.
Ijyb zaps a wand.
The puff of flame hits you.
You sock Ijyb!
You kill Ijyb!
Training target 4.0 for Shields reached!
Your Fighting skill gained 2 levels and is now at level 4!
Your Maces & Flails skill gained 2 levels and is now at level 3!
Your Shields skill increases to level 4!
You have reached level 2!
i - a wand of flame (23);
k - a blue potion
There is an open door here.
Things that are here:
a +0 dagger; a +2 leather armour of fire resistance You feel a strong urge to attack something.
The door flies open with a bang!
You feel your anger nearly subside.
An ogre comes into view. It is wielding a +0 giant club.
The ogre shouts!
You roll towards the ogre!
You closely miss the ogre. You tail-slap the ogre!
The ogre is moderately wounded.
You sock the ogre! You tail-slap the ogre.
The ogre is severely wounded.
The ogre hits you with a +0 giant club!!
Ouch! That really hurt!
You die...

##########
#<.#..@O.#
#..)..#..+
#..#####+#
#..# #..#
#..# #⌠⌠#
####


You could see an ogre.

Vanquished Creatures
  Ijyb (D)
1 creature vanquished.

Notes
Turn   | Place    | Note
-------+----------+-------------------------------------------
     0 | D        | testman the Armataur Fighter began the quest for the Orb.
     0 | D        | Reached XP level 1. HP: 19/19 MP: 1/1
     1 | D        | Noticed Ijyb
     8 | D        | Killed Ijyb
     9 | D        | Reached XP level 2. HP: 26/29 MP: 2/2
    13 | D        | Noticed an ogre
    15 | D        | Slain by an ogre

Illustrated notes

Levels and vault maps discovered:
D:        dungeon_sprint_1 [red_sonja_temple_1, red_sonja_temple_small_1]

Skill      XL: |  1 |
---------------+----+-----
Fighting       | 4 |  4.4
Maces & Flails | 3 |  3.8
Shields        | 4 |  4.0
Armour         | |  3.6

Action                     || total
---------------------------++-------
  Melee: Flail             ||     8
         Tailslap          ||     3
    Use: Potion            ||     1
 Armour: Scale mail        ||     2

Table legend: (Time is in decaauts)
 A = Elapsed time spent in this place.
 B = Non-inter-level travel time spent in this place.
 C = Inter-level travel time spent in this place.
 D = Time resting spent in this place.
 E = Time spent auto-exploring this place.
 F = Levels seen in this place.
 G = Mean time per level.
                   A        B        C        D        E       F      G
               +--------+--------+--------+--------+--------+-----+--------+
         Total |     12 |     12 |      0 |      0 |      0 |   1 |   12.0 |
       Dungeon |     12 |     12 |      0 |      0 |      0 |   1 |   12.0 |
               +--------+--------+--------+--------+--------+-----+--------+

Top non-repeatable levels by time:
       D: 12 daAuts
